 Dungeon Crawl Stone Soup version 0.24.0-125-gc4c63601f3 (webtiles) character file.

Game seed: 2665387073874578311, levelgen mode: deterministic

18 Mrkan the Covered (level 2, 0/19 HPs)
             Began as a Gargoyle Fighter on Feb 25, 2020.
             Slain by an adder (3 damage)
             ... on level 4 of the Dungeon.
             The game lasted 00:01:01 (537 turns).

Mrkan the Covered (Gargoyle Fighter)                 Turns: 537, Time: 00:01:02

Health: 0/19       AC: 14    Str: 24    XL:     2   Next: 66%
Magic:  2/2        EV:  4    Int:  8    God:
Gold:   62         SH:  9    Dex:  9    Spells: 1/1 levels left

rFire    . . .     SeeInvis .   a - +0 flail
rCold    . . .     Gourm    .   c - +0 shield
rNeg     + . .     Faith    .   l - +0 plate armour
rPois    ∞         Spirit   .   (no helmet)
rElec    +         Reflect  .   (no cloak)
rCorr    .         Harm     .   (no gloves)
MR       .....                  (no boots)
Stlth    ..........             (no amulet)
HPRegen  0.06/turn              (no ring)
MPRegen  0.08/turn              (no ring)

@: mighty
A: negative energy resistance 1, electricity resistance, unbreathing,
petrification resistance, rot immunity, AC +2
a: no special abilities


You were on level 4 of the Dungeon.
You were not hungry.

You visited 1 branch of the dungeon, and saw 3 of its levels.

You collected 62 gold pieces.

Inventory:

Hand Weapons
 a - a +0 flail (weapon)
Armour
 c - a +0 shield (worn)
 l - a +0 plate armour (worn)
Jewellery
 e - an uncursed ring of stealth {unknown}
 g - an uncursed ring of protection from cold {unknown}
 j - an uncursed ring of ice {unknown}
 m - an uncursed ring of resist corrosion {unknown}
Scrolls
 b - a scroll of amnesia {unknown}
 i - a scroll of teleportation {unknown}
 k - a scroll of identify {unknown}
 n - a scroll of blinking {unknown}
Potions
 h - a potion of degeneration {unknown}
Comestibles
 f - 3 rations
 o - 8 chunks of flesh


   Skills:
 + Level 3.5 Fighting
 * Level 2.5 Maces & Flails
 + Level 3.5 Armour
 + Level 3.5 Shields


You had one spell level left.
You didn't know any spells.
Your spell library was empty.

Dungeon Overview and Level Annotations

Branches:
Dungeon (2/15)

Altars:


Innate Abilities, Weirdness & Mutations

You are resistant to torment.
Your stone body is resilient. (AC +2)
You are immune to poison.
You resist negative energy. (rN+)
You are resistant to electric shocks. (rElec)
You can survive without breathing.
You are immune to petrification.
You are immune to rotting.


Message History

The frilled lizard bites you but does no damage.
The adder bites you.
You closely miss the adder.
The adder is heavily wounded.
You block the frilled lizard's attack. The adder bites you.
The frilled lizard bites you.
* * * LOW HITPOINT WARNING * * *
The adder bites you but does no damage.
You miss the adder.
The adder is heavily wounded.
The adder bites you but does no damage. The frilled lizard bites you.
* * * LOW HITPOINT WARNING * * *
The adder bites you but does no damage.
Your plate armour prevents you from hitting the adder.
The adder is heavily wounded.
The frilled lizard barely misses you. The adder bites you but does no damage.
You feel very mighty all of a sudden. You block the adder's attack.
You block the frilled lizard's attack. The adder bites you.
You die...

.......
........#
........#
........### #.
....(..... ...
.........###....
.......lS.......
........@.......
................
##.##.###....###
.. #...... ...
.####. ... .# ..
# .


You could see an adder and a frilled lizard.

Vanquished Creatures
  A dart slug (D:1)
  A giant cockroach (D:2)
  4 goblins
  2 hobgoblins (D:2)
  2 kobolds (D:1)
  3 bats (D:1)
13 creatures vanquished.

Notes
Turn   | Place    | Note
-------+----------+-------------------------------------------
     0 | D:1      | Mrkan the Gargoyle Fighter began the quest for the Orb.
     0 | D:1      | Reached XP level 1. HP: 14/14 MP: 1/1
    93 | D:1      | Reached XP level 2. HP: 16/19 MP: 2/2
   519 | D:2      | You fall into a shaft and drop 2 floors!
   537 | D:4      | Slain by an adder

Levels and vault maps discovered:
D:1:      dpeg_arrival_pond, layout_rooms
D:2:      layout_basic, gammafunk_temple_overflow_arena, minitemple,
          first_ration
D:4:      layout_rooms, marbit_many_paths, nicolae_overflow_crystal_walls,
          uniq_menkaure, uniq_ijyb, uniq_blork_the_orc

Action                   || total
-------------------------++-------
Melee: Flail             ||    67
  Use: Potion            ||     1
Armor: Scale mail        ||     4
       Plate armour      ||    43
Dodge: Dodged            ||    21
Block: Shield            ||    58
